 Dungeon Crawl Stone Soup version 0.21.0-22-g11d5b52 (webtiles) character file.

75 HEYYEYAAE the Digger (level 3, 0/28 HPs)
             Began as a Demigod Earth Elementalist on Jan 18, 2018.
             Slain by a worker ant (6 damage)
             ... on level 2 of the Dungeon.
             The game lasted 00:02:19 (1344 turns).

HEYYEYAAE the Digger (Demigod Earth Elementalist)   Turns: 1344, Time: 00:02:19

Health: 0/28       AC:  2    Str: 11    XL:     3   Next: 88%
Magic:  4/9        EV: 13    Int: 21    God:
Gold:   23         SH:  0    Dex: 16    Spells: 6/7 levels left

rFire    . . .     SeeInvis .   j - +4 spear
rCold    . . .     Gourm    .   (no shield)
rNeg     . . .     Faith    .   c - +0 robe
rPois    .         Spirit   .   (no helmet)
rElec    .         Reflect  .   (no cloak)
rCorr    .         Harm     .   (no gloves)
MR       .....                  (no boots)
Stlth    ++........             (no amulet)
HPRegen  0.09/turn              i - ring of flight
MPRegen  0.11/turn              (no ring)

@: no status effects
A: high mp 1
a: Evoke Flight


You were on level 2 of the Dungeon.
You were hungry.

You visited 1 branch of the dungeon, and saw 2 of its levels.

You collected 23 gold pieces.

Inventory:

Hand Weapons
 j - a +4 spear (weapon)
Missiles
 b - 4 stones (quivered)
Armour
 c - a +0 robe (worn)
 l - a +0 buckler
Jewellery
 i - a ring of flight (left hand)
Scrolls
 a - a scroll of remove curse {unknown}
 f - a scroll of enchant weapon
 h - a scroll of teleportation {unknown}
Potions
 g - a potion of berserk rage
Books
 e - a book of Geomancy

   Spells                             Type                      Level
   a - Sandblast                      Earth                        1
   b - Passwall                       Transmutation/Earth          2
   c - Stone Arrow                    Conjuration/Earth            3
   d - Petrify                        Transmutation/Earth          4
   e - Lee's Rapid Deconstruction     Earth                        5
Comestibles
 d - a ration


   Skills:
 + Level 1.0 Fighting
 + Level 0.9 Armour
 + Level 2.1 Dodging
 - Level 1.7 Stealth
 + Level 0.0 Shields
 * Level 2.5 Spellcasting
   Level 0.8 Transmutations
 * Level 3.3 Earth Magic


You had 6 spell levels left.
You knew the following spells:

 Your Spells              Type           Power        Failure   Level  Hunger
a - Sandblast             Erth           ###...       3%          1    None


Dungeon Overview and Level Annotations

Branches:
Dungeon (2/15)


Innate Abilities, Weirdness & Mutations

You have an increased reservoir of magic. (+10% MP)


Message History

The worker ant bites you.
* * * LOW HITPOINT WARNING * * *
Casting: Sandblast
Confirm with . or Enter, or press ? or * to list all spells.
Aiming: Sandblast
Press: ? - help, Shift-Dir - straight line, f/p - worker ant
Aim: a worker ant (severely wounded)
The blast of sand hits the worker ant.
The worker ant is almost dead.
b - 5 stones The worker ant completely misses you.
Casting: Sandblast
Confirm with . or Enter, or press ? or * to list all spells.
Aiming: Sandblast
Press: ? - help, Shift-Dir - straight line, f/p - worker ant
Aim: a worker ant (almost dead)
The blast of sand misses the worker ant.
b - 4 stones The worker ant bites you.
You die...

.........?..####.#
#.######....###
.###.##
##.........
.......
#..####..#..
.......##).# #...
.......#...# ##..
...[(..#%.## ..
......†..##
...#.##@.# #a.#
..... ....###
#...## .#.## ....
.♣ ♣.


You could see a worker ant.

Vanquished Creatures
  A gnoll (D:1)
  An adder (D:2)
  An ooze (D:1)
  A worm (D:2)
  4 dart slugs (D:1)
  2 leopard geckos (D:1)
  3 giant cockroaches
  5 hobgoblins
  5 jackals (D:1)
  4 bats
  2 frilled lizards
  2 goblins (D:1)
  3 kobolds (D:1)
  7 rats
41 creatures vanquished.

Notes
Turn   | Place    | Note
-------+----------+-------------------------------------------
     0 | D:1      | HEYYEYAAE the Demigod Earth Elementalist began the quest for the Orb.
     0 | D:1      | Reached XP level 1. HP: 14/14 MP: 5/5
   234 | D:1      | Reached XP level 2. HP: 11/20 MP: 1/7
   425 | D:1      | Reached skill level 3 in Earth Magic
   546 | D:1      | Reached XP level 3. HP: 9/27 MP: 0/8
   560 | D:1      | HP: 1/27 [jackal (3)]
  1296 | D:2      | Found a basalt altar of Yredelemnul.
  1298 | D:2      | Reached skill level 1 in Fighting
  1344 | D:2      | Slain by a worker ant

Skill      XL: |  1  2  3 |
---------------+----------+-----
Spellcasting   | 2 |  2.5
Earth Magic    | 3 |  3.3
Dodging        | 2 |  2.1
Fighting       | 1 |  1.0
Armour         | |  0.9
Stealth        | |  1.7
Transmutations | |  0.8

Action                   || total
-------------------------++-------
Melee: Unarmed           ||    29
       Spear             ||    41
 Cast: Sandblast         ||    50
  Use: Scroll            ||     3
 Stab: Distracted        ||     1
       Sleeping          ||     1
  Eat: Chunk             ||     1
Armor: Robe              ||     7
Dodge: Dodged            ||    61
